AoeStats
← danicick

Arena

510104489Analyzed
1v1 RM · 3d ago on Sep 29, 2026· 43m 27s· 2 players
Game mode
Random Map
Map size
Tiny (2 player)
Population
200
Speed
Normal
Resources
Standard
Victory
Conquest
Starting age
Dark Age
Ending age
Imperial Age
RankedLock teamsTeams togetherTeam positionsShared explorationLock speedFull tech treeHidden civsTurbo modeCheats
Victory
Defeat
🇹🇼 Aztecs · Taiwan
914
+15
🇹🇼 Khmer · Taiwan
891
-15
帥帥帥
11:07 Feudal Age
14:56 Castle Age
14:08 Double-Bit Axe
14:16 Horse Collar
16:32 Bow Saw
20:41 Wheelbarrow
21:34 Heavy Plow
25:05 Hand Cart
28:06 Husbandry
33:50 Imperial Age
31:41 Bloodlines
35:53 Conscription
35:34 Double Crossbow
34:55 Elite Ballista Elephant
34:58 Cavalier
36:06 Elite Ballista Elephant
37:07 Conscription
38:25 Devotion
39:46 Scale Barding Armor
39:51 Forging
40:18 Pikeman
41:48 Chain Barding Armor
42:04 Iron Casting
41:25 Halberdier
42:10 Scale Mail Armor
43:43 Plate Barding Armor
43:02 Arson
43:12 Heavy Scorpion
danicick
11:30 Feudal Age
9:47 Loom
11:56 Double-Bit Axe
13:05 Wheelbarrow
15:41 Forging
18:33 Castle Age
16:48 Scale Mail Armor
17:01 Gold Mining
17:15 Stone Mining
18:07 Fletching
20:20 Hand Cart
20:24 Man-at-Arms
21:43 Squires
23:26 Redemption
25:05 Sanctity
26:24 Atonement
26:25 Devotion
30:14 Imperial Age
29:57 Bow Saw
30:27 Gold Shaft Mining
29:38 Horse Collar
31:51 Block Printing
32:01 Illumination
31:47 Fervor
32:05 Conscription
39:08 Atlatl
39:29 Garland Wars
40:23 Iron Casting
40:04 Chain Mail Armor
39:50 Padded Archer Armor
40:24 Herbal Medicine
41:04 Theocracy
43:22 Heresy
42:45 Pikeman
43:10 Gambesons
Connection lost

Rejoining the realm…

Still unreachable

The connection could not be restored.

Session expired

The server has moved on; the page needs a fresh start.